 Dungeon Crawl Stone Soup version 0.21.1-1-g345015f (webtiles) character file.

39 Fortress the Conjurer (level 3, -1/16 HPs)
             Began as a Vine Stalker Conjurer on June 17, 2018.
             Slain by a hobgoblin
             ... wielding a +0 club
              (3 damage)
             ... on level 2 of the Dungeon.
             The game lasted 00:08:16 (1377 turns).

Fortress the Conjurer (Vine Stalker Conjurer)       Turns: 1377, Time: 00:08:16

Health: -1/16      AC:  2    Str: 10    XL:     3   Next: 47%
Magic:  0/7        EV: 12    Int: 16    God:
Gold:   127        SH:  0    Dex: 14    Spells: 4/7 levels left

rFire    . . .     SeeInvis .   e - +0 short sword
rCold    . . .     Gourm    .   (no shield)
rNeg     . . .     Faith    .   a - +0 robe
rPois    .         Spirit   +   (no helmet)
rElec    .         Reflect  .   (no cloak)
rCorr    .         Harm     .   (no gloves)
MR       .....                  (no boots)
Stlth    ++........             (no amulet)
HPRegen  0.05/turn              (no ring)
MPRegen  0.10/turn              (no ring)

@: no status effects
A: fangs 2, magic shield, antimagic bite, no potion heal 3, rot immunity
a: no special abilities


You were on level 2 of the Dungeon.
You were very hungry.

You visited 1 branch of the dungeon, and saw 3 of its levels.

You collected 127 gold pieces.

Inventory:

Hand Weapons
 e - a +0 short sword (weapon)
 h - a +0 mace of protection
Missiles
 f - 14 stones (quivered)
 g - 17 poisoned needles
Armour
 a - a +0 robe (worn)
Jewellery
 k - an uncursed ring of positive energy {unknown}
Scrolls
 i - 2 scrolls of identify {unknown}
 j - a scroll of amnesia {unknown}
Potions
 d - a potion of heal wounds {unknown}
Books
 b - a book of Conjurations

   Spells                             Type                      Level
   a - Magic Dart                     Conjuration                  1
   b - Searing Ray                    Conjuration                  2
   c - Dazzling Spray                 Conjuration/Hexes            3
   d - Fulminant Prism                Conjuration/Hexes            4
   e - Force Lance                    Conjuration/Translocation    4
   f - Iskenderun's Mystic Blast      Conjuration                  4
Comestibles
 c - 3 rations


   Skills:
 - Level 0.2 Fighting
 + Level 0.4 Short Blades
 - Level 1.5 Dodging
 + Level 3.0 Stealth
 + Level 2.5 Spellcasting
 + Level 4.6 Conjurations


You had 4 spell levels left.
You knew the following spells:

 Your Spells              Type           Power        Failure   Level  Hunger
a - Magic Dart            Conj           ###.         3%          1    #......
b - Searing Ray           Conj           ###...       4%          2    ##.....


Dungeon Overview and Level Annotations

Branches:
Dungeon (3/15)

Altars:
Dithmenos
Kikubaaqudgha

Annotations:
D:2 1 runed door


Innate Abilities, Weirdness & Mutations

You have extremely sharp teeth.
When hurt, damage is shared between your health and your magic reserves.
Your bite disrupts and absorbs the magic of your enemies.
Potions cannot restore your health.
You are immune to rotting.


Message History

The hobgoblin is almost dead.
The hobgoblin hits you but does no damage.
The hobgoblin hits you with a club.
You closely miss the hobgoblin. Your bite misses the hobgoblin.
The hobgoblin is almost dead.
The hobgoblin hits you with a club.
* * * LOW HITPOINT WARNING * * *
The hobgoblin barely misses you.
The rat twitches its whiskers.
The hobgoblin barely misses you.
The hobgoblin hits you but does no damage.
The hobgoblin completely misses you.
You hit the hobgoblin.
You bite the hobgoblin, but do no damage.
The hobgoblin is severely wounded.
The hobgoblin barely misses you.
You barely miss the hobgoblin.
The hobgoblin is severely wounded.
The hobgoblin hits you with a club.
You die...

....... .## #%... ..
# ##..# # # #.##.†#
#..##. ####
#.....###..... ....
#.##...#...... #..
#...r......... #
#########r.###....# #
.......@gg.....##.###
#
###########..####...#
# #....## #.####
###.##.#######...#.
....##.......†##...
##.........##..#...
....................
####.######..##.....
#. ##.##....#


You could see 2 hobgoblins and a rat.

Vanquished Creatures
  2 oozes (D:1)
  2 worms
  A leopard gecko (D:1)
  4 bats (D:1)
  A giant cockroach (D:1)
  A goblin (D:1)
  5 hobgoblins
  2 frilled lizards (D:1)
  3 kobolds
  4 rats (D:1)
25 creatures vanquished.

Notes
Turn   | Place    | Note
-------+----------+-------------------------------------------
     0 | D:1      | Fortress the Vine Stalker Conjurer began the quest for the Orb.
     0 | D:1      | Reached XP level 1. HP: 9/9 MP: 4/4
   225 | D:1      | Reached XP level 2. HP: 13/13 MP: 3/6
   752 | D:1      | Reached XP level 3. HP: 10/16 MP: 1/7
   976 | D:1      | Learned a level 2 spell: Searing Ray
  1268 | D:2      | Found a runed door.
  1287 | D:2      | Found an ancient bone altar of Kikubaaqudgha.
  1355 | D:2      | Found a shadowy altar of Dithmenos.
  1377 | D:2      | Slain by a hobgoblin

Skill      XL: |  1  2  3 |
---------------+----------+-----
Stealth        | 3 |  3.0
Fighting       | |  0.2
Short Blades   | |  0.4
Dodging        | |  1.5
Spellcasting   | |  2.5
Conjurations   | |  4.6

Action                   || total
-------------------------++-------
Melee: Spear             ||    12
       Short sword       ||    16
       Bite              ||     5
 Cast: Magic Dart        ||    44
       Searing Ray       ||     3
 Stab: Sleeping          ||     3
  Eat: Chunk             ||     1
Armor: Robe              ||    12
Dodge: Dodged            ||    23
